[Event "Early-Titled-Tuesday-Blitz-August-29-2023"]
[Site "Chess.com"]
[Date "2023.08.29"]
[Round "10"]
[White "Mikhail_Golubev"]
[Black "YellowJacek"]
[Result "1-0"]
[WhiteElo "2549"]
[BlackElo "2340"]
[TimeControl "180+1"]
[EndTime "9:52:57 PDT"]
[Termination "Mikhail_Golubev won by resignation"]

1. e4 c5 2. Nf3 d6 3. d4 cxd4 4. Nxd4 Nf6 5. Nc3 g6 6. Be3 Bg7 7. f3 O-O 8. Qd2 Nc6 9. O-O-O d5 10. Nxc6 bxc6 11. Bc4 e6 12. Bb3 Qc7 13. h4 a5 14. h5 Nxh5 15. g4 Nf6 16. Bh6 a4 17. Bxg7 Kxg7 18. Nxa4 c5 19. exd5 c4 20. d6 cxb3 21.
dxc7 bxa2 22. Qh6+ Kg8 23. Kd2 Rxa4 24. b3 Ra7 25. Ra1 Bb7 26. Qe3 Ra6 27. Kc1 Rc8 28. Qe5 Nd5 29. Kb2 Rxc7 30. Rxh7 f6 31. Rxc7 fxe5 32. Rxb7 Kf8 33. Rxa2 Rxa2+ 34. Kxa2 1-0

[Event "Early-Titled-Tuesday-Blitz-August-29-2023"]
[Site "Chess.com"]
[Date "2023.08.29"]
[Round "10"]
[White "baki83"]
[Black "Itk04"]
[Result "0-1"]
[WhiteElo "2826"]
[BlackElo "2687"]
[TimeControl "180+1"]
[EndTime "9:52:58 PDT"]
[Termination "Itk04 won by resignation"]

1. e4 e6 2. d4 d5 3. Nc3 Bb4 4. e5 c5 5. a3 Bxc3+ 6. bxc3 Qa5 7. Bd2 Qa4 8. Nf3 b6 9. h4 Ne7 10. h5 h6 11. Rh4 Nf5 12. Rf4 Qd7 13. dxc5 bxc5 14. Rb1 Qc7 15. Bd3 Ne7 16. Rg4 c4 17. Bf1 Nf5 18. Bf4 Nc6 19. Nh4 Nce7 20. Nxf5 Nxf5 21. Qc1 Bd7 22. Be2 Rb8 23. Rb4 a5 24. Rxb8+ Qxb8 25. g3 Ba4 26. Kf1 Qb7 27. Be3 d4 28.
Bxc4 Nxe3+ 29. Ke2 Nxg4 30. Qf4 Bxc2 31. Qxg4 Qe4+ 32.
Qxe4 Bxe4 0-1

[Event "Early-Titled-Tuesday-Blitz-August-29-2023"]
[Site "Chess.com"]
[Date "2023.08.29"]
[Round "10"]
[White "RIPOL"]
[Black "Arteler"]
[Result "0-1"]
[WhiteElo "2429"]
[BlackElo "2250"]
[TimeControl "180+1"]
[EndTime "9:52:59 PDT"]
[Termination "Arteler won by resignation"]

1. d4 d5 2. c4 c6 3. Nf3 Nf6 4. Nc3 a6 5. e3 Bf5 6. Bd3 Bxd3 7. Qxd3 e6 8. O-O b5 9. cxd5 cxd5 10. Ne5 Be7 11. f4 O-O 12. Bd2 Nfd7 13. Rac1 Nxe5 14. fxe5 Nd7 15. Ne2 Bg5 16. Nf4 Rc8 17. Rxc8 Qxc8 18. Rc1 Qb8 19. Qc2 Nb6 20. Qc7 Nc4 21. Qxb8 Rxb8 22.
Rc2 Nxd2 23. Rxd2 Rc8 24. Kf2 Rc1 25. Nd3 Ra1 26. b3 f6 27. Rc2 Kf7 28. h3 h5 29.
Kf3 h4 30. Rc7+ Kg6 31. Rc6 Rxa2 32. Rxe6 Ra3 33. Ke2 a5 34. Ra6 a4 35. bxa4 bxa4 36.
e6 f5 37. Ne5+ Kh5 38. Nd3 Kg6 39. Ne5+ Kf6 40. Nd3 Ke7 41. Nc5 Rxe3+ 42. Kf2 a3 43. Ra7+ Kf6 44. Rf7+ Kg6 45. Ra7 f4 46. Ra6 Bf6 47.
Ra7 Bxd4 0-1

[Event "Early-Titled-Tuesday-Blitz-August-29-2023"]
[Site "Chess.com"]
[Date "2023.08.29"]
[Round "10"]
[White "Dewarfd"]
[Black "Cheer_Down"]
[Result "1-0"]
[WhiteElo "2209"]
[BlackElo "2459"]
[TimeControl "180+1"]
[EndTime "9:53:00 PDT"]
[Termination "Dewarfd won by resignation"]

1. d4 Nf6 2. e3 d5 3. Nf3 c5 4.
dxc5 e6 5. a3 Bxc5 6. b4 Be7 7.
Bb2 O-O 8. Nbd2 b6 9. c4 Bb7 10. Be2 a5 11. b5 Nbd7 12. O-O Nc5 13. cxd5 Bxd5 14. Ne5 Bd6 15. Ndf3 Rc8 16. h3 Nfe4 17.
Bd4 Nb3 18. Rb1 Nxd4 19. exd4 Nc3 20. Qd2 Nxb1 21. Rxb1 Bxa3 22. Bd3 Bb4 23. Qf4 g6 24. Qh6 Be7 25. Nxg6 fxg6 26. Bxg6 Rf7 27. Bxf7+ Kxf7 28. Qxh7+ Ke8 29. Ne5 Qd6 30. Qg6+ Kd8 31. Nf7+ Kd7 32. Nxd6 Bxd6 33. Qf7+ Be7 34. f3 a4 35. Ra1 a3 36. Rxa3 Rc1+ 37. Kh2 Rc7 1-0

[Event "Early-Titled-Tuesday-Blitz-August-29-2023"]
[Site "Chess.com"]
[Date "2023.08.29"]
[Round "10"]
[White "Vsevolod_Ovchinnikov"]
[Black "Mmukka"]
[Result "1-0"]
[WhiteElo "2617"]
[BlackElo "2443"]
[TimeControl "180+1"]
[EndTime "9:53:01 PDT"]
[Termination "Vsevolod_Ovchinnikov won by resignation"]

1. d4 d5 2. c4 e6 3. Nf3 dxc4 4. Qa4+ c6 5. Qxc4 Nf6 6. Nc3 Nbd7 7. e4 b5 8. Qxc6 Rb8 9. Bxb5 a6 10. Bd3 Rb4 11.
Ne2 Bb7 12. Qc2 Be7 13. O-O h5 14. h3 Qb8 15. Bg5 Qa8 16. Nc3 Rb6 17. Rfe1 Rc6 18.
Rac1 Rc8 19. Qd2 Bb4 20. Qf4 Bxc3 21. bxc3 a5 22. c4 Ba6 23. d5 e5 24. Nxe5 Qb8 25. Nxd7 Nxd7 26. e5 1-0

[Event "Early-Titled-Tuesday-Blitz-August-29-2023"]
[Site "Chess.com"]
[Date "2023.08.29"]
[Round "10"]
[White "Ariadna_Atreides"]
[Black "juancruzarias"]
[Result "0-1"]
[WhiteElo "2225"]
[BlackElo "2693"]
[TimeControl "180+1"]
[EndTime "9:53:01 PDT"]
[Termination "juancruzarias won by resignation"]

1. d4 Nf6 2. Nf3 e6 3. e3 c5 4.
Bd3 b6 5. Nbd2 Bb7 6. O-O Be7 7. b3 cxd4 8. exd4 O-O 9. Bb2 Nc6 10. a3 Nd5 11. Re1 f5 12. Ne5 Nf4 13. Bf1 Nxe5 14. dxe5 Bxa3 15. Bxa3 Nh3+ 16. Kh1 Nxf2+ 17. Kg1 Nxd1 18.
Bxf8 Qxf8 19. Raxd1 Qc5+ 20. Kh1 Qxc2 21. h3 Rf8 22.
Nf3 Bxf3 23. gxf3 Qxb3 24. Rxd7 Qxf3+ 25. Bg2 Qc3 26. Red1 Qxe5 27. Rxa7 f4 28. Bf3 b5 29. Rdd7 b4 30. Rab7 Rc8 31. h4 h5 32. Kg2 Rc2+ 33. Kh3 Qf5+ 0-1

[Event "Early-Titled-Tuesday-Blitz-August-29-2023"]
[Site "Chess.com"]
[Date "2023.08.29"]
[Round "10"]
[White "LiamPutnam2008"]
[Black "VladimirKramnik"]
[Result "0-1"]
[WhiteElo "2816"]
[BlackElo "2962"]
[TimeControl "180+1"]
[EndTime "9:53:04 PDT"]
[Termination "VladimirKramnik won by resignation"]

1. d4 Nf6 2. c4 e6 3. Nf3 d5 4. Nc3 c6 5. Bg5 h6 6. Bxf6 Qxf6 7. e3 Nd7 8. Qb3 g6 9. e4 dxe4 10. Nxe4 Qf4 11. Bd3 Bg7 12. O-O O-O 13. Rad1 e5 14. d5 f5 15. dxc6 bxc6 16. Nd6 Nc5 17. Qa3 Nxd3 18.
Qxd3 e4 19. Qd2 Qxd2 20. Nxd2 Bxb2 21. Nb3 Ba3 22. Na5 Rd8 23. Nxc8 Rxd1 24. Rxd1 Rxc8 25. Rd7 Bb4 26. Rxa7 Rd8 27. g3 Rd1+ 28. Kg2 Rd2 29. Nb3 Rc2 30. Ra4 c5 31. Kf1 Rb2 32. Na5 Bc3 33. Nc6 Bd4 34. Nxd4 cxd4 35. c5 d3 36. c6 Rb1+ 37. Kg2 Rc1 38. Ra6 d2 39. Ra8+ Kf7 40. Ra7+ Ke6 41. Rd7 d1=Q 42. Rxd1 Rxd1 0-1

[Event "Early-Titled-Tuesday-Blitz-August-29-2023"]
[Site "Chess.com"]
[Date "2023.08.29"]
[Round "10"]
[White "averageFM"]
[Black "ValentunHulka"]
[Result "1-0"]
[WhiteElo "2559"]
[BlackElo "2751"]
[TimeControl "180+1"]
[EndTime "9:53:05 PDT"]
[Termination "averageFM won by resignation"]

1. e4 c5 2. Nf3 Nc6 3. Bb5 Nf6 4. Nc3 g6 5. O-O Bg7 6. h3 O-O 7. e5 Ne8 8. Re1 Nc7 9. Bxc6 dxc6 10. d3 Ne6 11.
Ne4 b6 12. Be3 Nd4 13. Bxd4 cxd4 14. Qd2 Qd5 15. Qg5 Re8 16. h4 h6 17. Qg3 Bf5 18. h5 g5 19. Nexg5 hxg5 20. Qxg5 Qd7 21. h6 Bg6 22. e6 Qd5 23. exf7+ Kxf7 24. hxg7 Qxg5 25. Nxg5+ Kxg7 26. Ne6+ Kf6 27. Nc7 Rec8 28. Nxa8 Rxa8 29.
g4 Bf7 30. Kg2 Bd5+ 31. Kg3 e5 32. f4 exf4+ 33. Kxf4 Rh8 34. Kg3 Kg6 35. Rf1 a5 36.
Rae1 a4 37. a3 b5 38. Re5 Rb8 39. g5 b4 40. Rf6+ Kg7 41. Re7+ Kg8 42. axb4 Rxb4 43.
Rd6 Rb8 44. g6 Kf8 45. Ra7 Kg8 46. Rdd7 Kf8 47. Kh4 Kg8 48. Kg5 1-0

[Event "Early-Titled-Tuesday-Blitz-August-29-2023"]
[Site "Chess.com"]
[Date "2023.08.29"]
[Round "10"]
[White "Fleetw00dMac"]
[Black "Goffredo_Fofi"]
[Result "1-0"]
[WhiteElo "2432"]
[BlackElo "2538"]
[TimeControl "180+1"]
[EndTime "9:53:09 PDT"]
[Termination "Fleetw00dMac won by resignation"]

1. d4 g6 2. c4 Bg7 3. e4 d6 4. Nc3 c5 5. d5 Bxc3+ 6. bxc3 e5 7. f4 Qf6 8. fxe5 Qxe5 9. Nf3 Qxe4+ 10. Be2 Bf5 11.
O-O h6 12. Re1 Kf8 13. Bf1 Qc2 14. Qxc2 Bxc2 15. Bf4 Nd7 16. Bxd6+ Kg7 17. Rac1 Ba4 18. Ne5 Ngf6 19. Nxd7 Nxd7 20. Re7 Rhe8 21. Rce1 Rxe7 22. Rxe7 b6 23. Bd3 Kf6 24. Re3 Kg7 25. g4 Nf6 26. Be5 Re8 27. h4 g5 28. hxg5 hxg5 29. Bf5 a5 30. Kf2 Re7 31. Kf3 Re8 32. d6 Bc6+ 33. Kg3 Ba4 34. d7 Rxe5 35. Rxe5 Bxd7 36. Bxd7 Nxd7 37. Re7 Nf6 38. Kf3 Kf8 39. Rb7 Ne8 40. Rxb6 Ke7 41. Rc6 Nd6 42. Rxc5 f5 43. gxf5 Kf6 44. Rc6 Ke5 45. Rxd6 Kxd6 46. Kg4 1-0

[Event "Early-Titled-Tuesday-Blitz-August-29-2023"]
[Site "Chess.com"]
[Date "2023.08.29"]
[Round "10"]
[White "Gyulamiryan-koryun"]
[Black "RAMBO1STBLOOD"]
[Result "1-0"]
[WhiteElo "2081"]
[BlackElo "2248"]
[TimeControl "180+1"]
[EndTime "9:53:09 PDT"]
[Termination "Gyulamiryan-koryun won by resignation"]

1. c4 f5 2. Nc3 Nf6 3. b3 d6 4.
Bb2 e5 5. d4 exd4 6. Qxd4 Nc6 7. Qd2 g6 8. Nf3 Bg7 9. g3 O-O 10. Bg2 Kh8 11. O-O Be6 12. Nd5 Qd7 13. Ng5 Bg8 14.
e4 h6 15. exf5 hxg5 16. fxg6 Nxd5 17. cxd5 Ne5 18. Qxg5 Bf6 19. Qh6+ Bh7 20. gxh7 Qxh7 21. Qxh7+ Kxh7 22. Be4+ Kg7 23. f3 Nxf3+ 24. Bxf3 Bxb2 25. Rae1 Rae8 26. Kg2 Bc3 27. Rc1 Ba5 28. b4 Bb6 29.
a4 a5 30. Rc4 Re3 31. Rg4+ Kh6 32. bxa5 Bxa5 33. Rh4+ Kg7 34. Rg4+ Kh6 35. h4 Bb6 36. h5 Ra3 37. Rg6+ Kh7 38. Rg4 Ra2+ 39. Kh3 Ra3 40. Be4+ Kh6 41. Rxf8 1-0

[Event "Early-Titled-Tuesday-Blitz-August-29-2023"]
[Site "Chess.com"]
[Date "2023.08.29"]
[Round "10"]
[White "noblerone"]
[Black "Dmitry_Konenkin"]
[Result "1-0"]
[WhiteElo "2547"]
[BlackElo "2392"]
[TimeControl "180+1"]
[EndTime "9:53:10 PDT"]
[Termination "noblerone won by resignation"]

1. d4 d6 2. Nf3 f5 3. h4 Nf6 4.
Bf4 c6 5. c3 Qb6 6. Qb3 Na6 7.
Nbd2 Bd7 8. e3 Nc7 9. Qc2 Ncd5 10. Bh2 e6 11. a3 Ng4 12. c4 Ndf6 13. Bf4 Nh5 14. Bh2 Nxh2 15. Rxh2 Be7 16. Bd3 g6 17. Rh1 Bf6 18. Ng5 e5 19. dxe5 dxe5 20. c5 Qc7 21. Nc4 O-O 22. Nd6 b5 23. Be2 Ng7 24. Qb3+ Ne6 25. Nxe6 Bxe6 26. Qxe6+ Kg7 27. h5 e4 28. hxg6 hxg6 29. Qb3 Qe7 30. O-O-O Qe5 31. Rh3 Qxc5+ 32.
Qc2 Qe5 33. Nb7 Rab8 34. Nc5 Rbd8 35. Nd7 Qe7 36. Nxf8 Rxf8 37. Rdh1 Kf7 38. Rh7+ Bg7 39. Qb3+ Ke8 40. Qc2 c5 41. Bxb5+ Kd8 42. Rd1+ 1-0

[Event "Early-Titled-Tuesday-Blitz-August-29-2023"]
[Site "Chess.com"]
[Date "2023.08.29"]
[Round "10"]
[White "jsdbv18"]
[Black "LangesNasenhaar"]
[Result "1-0"]
[WhiteElo "2620"]
[BlackElo "2485"]
[TimeControl "180+1"]
[EndTime "9:53:11 PDT"]
[Termination "jsdbv18 won by resignation"]

1. d4 g6 2. c4 Bg7 3. Nf3 c5 4.
d5 d6 5. e4 e6 6. Bd3 Nf6 7. O-O O-O 8. h3 exd5 9. exd5 Nbd7 10. Nc3 Re8 11. Bf4 Ne5 12. Nxe5 dxe5 13. Bh2 e4 14. Bc2 e3 15. fxe3 Rxe3 16. Bf4 Re8 17. Qd2 Nh5 18. Bg5 Qd6 19. Ne2 Bxb2 20. Rab1 Be5 21.
Be3 b6 22. Rf3 Ba6 23. Bd3 f5 24. Rbf1 Re7 25. a4 Rae8 26. Bg5 Rd7 27. g4 fxg4 28.
hxg4 Ng7 29. Kg2 Bb7 30. Ng3 Bxg3 31. Rxg3 Rf8 32. Rxf8+ Qxf8 33. Rf3 Rf7 34. Be4 Rxf3 35. Bxf3 Ne8 36. Qe2 Qf7 37. Be7 Bc8 38. d6 Be6 39. Kg3 h6 40. Qe5 Kh7 41. Qf4 Ng7 42. Qxf7 Bxf7 43.
d7 Ne6 44. Bd5 Nd8 45. Bxd8 Bxd5 46. cxd5 1-0

[Event "Early-Titled-Tuesday-Blitz-August-29-2023"]
[Site "Chess.com"]
[Date "2023.08.29"]
[Round "10"]
[White "GMBenjaminBok"]
[Black "skkeyan1309"]
[Result "1-0"]
[WhiteElo "2911"]
[BlackElo "2731"]
[TimeControl "180+1"]
[EndTime "9:53:12 PDT"]
[Termination "GMBenjaminBok won on time"]

1. d4 Nf6 2. c4 e6 3. Nc3 Bb4 4. Qc2 O-O 5. a3 Bxc3+ 6. Qxc3 b6 7. Bg5 Bb7 8. e3 d6 9. f3 Nbd7 10. Bd3 c5 11. Ne2 Rc8 12. b4 h6 13. Bh4 Re8 14. O-O cxd4 15. exd4 e5 16. Rac1 Qc7 17. Bf5 Rcd8 18.
Bxd7 Qxd7 19. Bxf6 gxf6 20. Ng3 d5 21. c5 bxc5 22.
dxc5 Ba6 23. Rfe1 d4 24. Qd2 Kh7 25. c6 Qe6 26. a4 f5 27. b5 Bc8 28. c7 Rd5 29. Rc6 Rd6 30. Rec1 e4 31. fxe4 fxe4 32. Nxe4 Rxc6 33. Rxc6 Qxe4 34. Rxh6+ Kg7 35. Qg5+ Qg6 36.
Rxg6+ fxg6 37. Qd8 Kf7 38. Qxd4 Bf5 39. Qxa7 Bd3 40.
c8=Q+ 1-0

[Event "Early-Titled-Tuesday-Blitz-August-29-2023"]
[Site "Chess.com"]
[Date "2023.08.29"]
[Round "10"]
[White "Semetey"]
[Black "ProfessorChess101"]
[Result "1-0"]
[WhiteElo "2592"]
[BlackElo "2421"]
[TimeControl "180+1"]
[EndTime "9:53:12 PDT"]
[Termination "Semetey won by resignation"]

1. e4 c5 2. Nf3 e6 3. d4 cxd4 4. Nxd4 Nc6 5. Nc3 Qc7 6. g3 a6 7.
Bg2 Nge7 8. Nb3 h5 9. Bf4 e5 10.
Bg5 d6 11. h3 Be6 12. Nd5 Bxd5 13. exd5 Na5 14. O-O f6 15. Nxa5 fxg5 16. Nb3 Ng8 17. c4 Nf6 18. Rc1 b6 19. Nd2 a5 20. Ne4 Nxe4 21.
Bxe4 Be7 22. Bg6+ Kd8 23. Bxh5 Qc5 24. Bg4 Kc7 25. a3 Rhf8 26. Qc2 Bf6 27. b4 axb4 28.
axb4 Qxb4 29. Rb1 Qc5 30. Rb5 Qd4 31. Rd1 Ra1 32. Rxa1 Qxa1+ 33. Kg2 Qd4 34. Qf5 Rd8 35. Qe6 Qe4+ 36. Kh2 Qd4 37. Qf7+ Kb8 38. Kg1 e4 39. c5 dxc5 40. Rxb6+ 1-0

[Event "Early-Titled-Tuesday-Blitz-August-29-2023"]
[Site "Chess.com"]
[Date "2023.08.29"]
[Round "10"]
[White "valemava"]
[Black "HajiyevKanan"]
[Result "0-1"]
[WhiteElo "2324"]
[BlackElo "2488"]
[TimeControl "180+1"]
[EndTime "9:53:13 PDT"]
[Termination "HajiyevKanan won by checkmate"]

1. Nf3 d5 2. c4 c6 3. b3 Nf6 4.
Bb2 g6 5. g3 Bg7 6. Bg2 Nh5 7.
Bxg7 Nxg7 8. O-O O-O 9. d3 a5 10. Nc3 Bg4 11. Ne5 Be6 12. e4 d4 13. Ne2 Nd7 14.
Nxd7 Qxd7 15. c5 f5 16. f4 Bf7 17. e5 Bd5 18. Qc2 Ne6 19. Rac1 Bxg2 20. Kxg2 Qd5+ 21. Kg1 a4 22. b4 a3 23. Qc4 Rfd8 24. Qxd5 Rxd5 25.
Rc4 Ra4 26. Rb1 Ra8 27. Rb3 Nc7 28. Rxd4 Rxd4 29. Nxd4 Rd8 30. Ne2 Nb5 31. Kf2 Kf7 32. Ke3 Ke6 33. d4 h6 34. Rd3 Ra8 35. Nc1 Ra4 36. Rb3 Kd5 37. Ne2 Kc4 38. h3 Rxb4 39.
Rxb4+ Kxb4 40. Kd3 e6 41. g4 Nc7 42. Nc3 Nd5 43.
Nxd5+ cxd5 44. gxf5 gxf5 45. h4 h5 46. Kd2 Kc4 47.
Kc2 Kxd4 48. Kb3 Ke3 49. Kxa3 d4 50. Kb2 Ke2 51. a4 d3 52. a5 d2 53. a6 bxa6 54. c6 d1=Q 55. c7 Qd7 56. Ka3 Qxc7 57. Kb4 Kd3 58.
Kb3 Qb6+ 59. Ka4 Kc3 60. Ka3 Qa5# 0-1

[Event "Early-Titled-Tuesday-Blitz-August-29-2023"]
[Site "Chess.com"]
[Date "2023.08.29"]
[Round "10"]
[White "GasconJR"]
[Black "djano"]
[Result "0-1"]
[WhiteElo "2655"]
[BlackElo "2551"]
[TimeControl "180+1"]
[EndTime "9:53:16 PDT"]
[Termination "djano won by resignation"]

1. Nf3 c5 2. g3 g6 3. Bg2 Bg7 4. O-O Nc6 5. c4 d6 6. Nc3 e5 7. d3 Nge7 8. Rb1 O-O 9. a3 a5 10. b3 f5 11. Bb2 h6 12. Nd2 Be6 13. Nd5 Kh7 14. e3 Rb8 15. Qc2 b5 16. f4 b4 17. a4 Qd7 18. Rbe1 Rbe8 19. Kh1 Qd8 20. Qb1 Qb8 21. Qa1 Rf7 22. Nxe7 Nxe7 23. e4 Qc7 24. fxe5 dxe5 25. Nf3 fxe4 26. Nxe5 Rxf1+ 27. Rxf1 exd3 28. Nxd3 Bxb2 29. Qxb2 Nf5 30. Qf6 Ne3 31. Re1 Ng4 32.
Qf4 Qxf4 33. Nxf4 Bd7 34. Be4 Nf2+ 35. Kg2 Nxe4 36. Nd5 Kg7 0-1

[Event "Early-Titled-Tuesday-Blitz-August-29-2023"]
[Site "Chess.com"]
[Date "2023.08.29"]
[Round "10"]
[White "EvgenyBurmakin"]
[Black "MathiasWomacka"]
[Result "0-1"]
[WhiteElo "2294"]
[BlackElo "2475"]
[TimeControl "180+1"]
[EndTime "9:53:19 PDT"]
[Termination "MathiasWomacka won on time"]

1. e4 c5 2. Nc3 Nc6 3. Bb5 Nd4 4. Bc4 e6 5. Nf3 Nf6 6. e5 d5 7. exd6 Bxd6 8. Nxd4 cxd4 9. Ne2 e5 10. d3 O-O 11.
O-O Bg4 12. f3 Bd7 13. Ng3 Ne8 14. f4 exf4 15. Bxf4 Qc7 16. Bxd6 Nxd6 17. Bb3 Rae8 18. Qd2 Re3 19. Rae1 Qc5 20. Rxe3 dxe3 21. Qe2 Bg4 22. Qxg4 e2+ 23. d4 exf1=Q+ 24. Nxf1 Qf5 25. Qg3 Ne4 26.
Qe3 Re8 27. c3 Nf6 28. Qd2 h6 29. h3 Qg5 30. Qxg5 hxg5 31. Kf2 g4 32. h4 Ne4+ 33. Kg1 g6 0-1

[Event "Early-Titled-Tuesday-Blitz-August-29-2023"]
[Site "Chess.com"]
[Date "2023.08.29"]
[Round "10"]
[White "temiksmozg"]
[Black "ChainedDowntohell"]
[Result "0-1"]
[WhiteElo "2637"]
[BlackElo "2536"]
[TimeControl "180+1"]
[EndTime "9:53:20 PDT"]
[Termination "ChainedDowntohell won by checkmate"]

1. e4 c5 2. Nf3 d6 3. Bb5+ Nd7 4. d4 cxd4 5. Qxd4 a6 6. Bxd7+ Bxd7 7. c4 e5 8. Qd3 Be7 9. Nc3 Rc8 10. Nd5 Be6 11. Be3 Nf6 12. O-O Nxd5 13. cxd5 Bd7 14. Rfc1 O-O 15. Nd2 Qa5 16. Nc4 Qb5 17. b3 f5 18. f3 fxe4 19. fxe4 Bg4 20. Qc3 Qe8 21. Qd2 Qg6 22. Re1 Bf3 23. h4 Bxe4 24. Bg5 Bxg5 25. hxg5 Rf4 26. Rac1 Rcf8 27. Re2 Qxg5 28.
Nxd6 Bg6 29. Rce1 Qh6 30. Nc4 e4 31. Qe3 Qh5 32. g3 Rf3 33. d6 Qh3 34. Qg5 Rf1+ 35. Rxf1 Rxf1# 0-1

[Event "Early-Titled-Tuesday-Blitz-August-29-2023"]
[Site "Chess.com"]
[Date "2023.08.29"]
[Round "10"]
[White "AlexNovitz"]
[Black "NovikovaGalina"]
[Result "1-0"]
[WhiteElo "2261"]
[BlackElo "2390"]
[TimeControl "180+1"]
[EndTime "9:53:20 PDT"]
[Termination "AlexNovitz won on time"]

1. e4 e5 2. Nf3 Nc6 3. Bb5 Nge7 4.
O-O Ng6 5. d4 exd4 6. Nxd4 Bc5 7.
Nxc6 bxc6 8. Bc4 O-O 9. Nc3 a5 10.
Qh5 d6 11. Bg5 Qe8 12. Rae1 Be6 13. Bd3 Rb8 14. Kh1 Rxb2 15. Na4 Rxa2 16. Nxc5 dxc5 17. f4 c4 18. Be2 Rxc2 19. f5 a4 20. Bd1 Ra2 21.
f6 Qd7 22. fxg7 Rb8 23. Bf3 c3 24. Rd1 Rd2 25. Bxd2 cxd2 26. Qc5 Bb3 27. h4 Bxd1 28. Bxd1 Qe7 29. Qxc6 Qxh4+ 30. Kg1 a3 31. Qxc7 Kxg7 32. Rxf7+ Kg8 33. Rg7+ Kh8 34. Rxh7+ Qxh7 35. Qxb8+ Kg7 36. Qa7+ Kh8 37. Qxa3 Qd7 38. Qh3+ Kg7 39. Qxd7+ 1-0

[Event "Early-Titled-Tuesday-Blitz-August-29-2023"]
[Site "Chess.com"]
[Date "2023.08.29"]
[Round "10"]
[White "Maus7"]
[Black "crazy_m_attack"]
[Result "1-0"]
[WhiteElo "2492"]
[BlackElo "2340"]
[TimeControl "180+1"]
[EndTime "9:53:21 PDT"]
[Termination "Maus7 won by resignation"]

1. e4 e5 2. Nf3 Nc6 3. Bb5 a6 4. Ba4 Nf6 5. O-O Be7 6. Re1 b5 7. Bb3 O-O 8. a4 Rb8 9. d3 d6 10. axb5 axb5 11. Bg5 Be6 12. Bxe6 fxe6 13. Nc3 Qe8 14. Ne2 Qg6 15. Ng3 h6 16. Be3 d5 17.
Ra6 Qe8 18. exd5 exd5 19. Nf5 Bd8 20. Bc5 Rf7 21. d4 e4 22. Rxc6 Qxc6 23. Ne5 Qe6 24.
Nxf7 Kxf7 25. Ne3 c6 26. Qa1 Bc7 27. Qa7 Qc8 28. Ra1 Nd7 29. Nf5 Nxc5 30. Nd6+ Kg8 31.
Nxc8 Ne6 32. Ne7+ Kf8 33. Nxc6 Re8 34. Nb4 Bd6 35. Nxd5 Rc8 36. Qd7 1-0

[Event "Early-Titled-Tuesday-Blitz-August-29-2023"]
[Site "Chess.com"]
[Date "2023.08.29"]
[Round "10"]
[White "madmax011"]
[Black "borocotoajua"]
[Result "0-1"]
[WhiteElo "2302"]
[BlackElo "2491"]
[TimeControl "180+1"]
[EndTime "9:53:22 PDT"]
[Termination "borocotoajua won by checkmate"]

1. d4 Nf6 2. c4 g6 3. Nc3 d5 4.
cxd5 Nxd5 5. Bd2 Bg7 6. e4 Nb6 7. Be3 O-O 8. Qd2 Nc6 9. d5 Ne5 10. b3 e6 11. Be2 exd5 12. exd5 Re8 13. Nf3 Bf5 14. O-O c6 15. Rad1 Nxd5 16. Nxd5 cxd5 17.
Qxd5 Qxd5 18. Rxd5 Ng4 19. Nh4 Nxe3 20. fxe3 Be6 21.
Rd3 Rac8 22. Rfd1 Rc2 23. R3d2 Rc3 24. Rd3 Rc2 25. R3d2 Rec8 26. Nf3 Bh6 27. Kf2 R2c3 28. Rd3 Bf5 29. Rxc3 Rxc3 30. Bc4 Bxe3+ 31. Ke2 Bc5 32. Rd8+ Kg7 33. Kd2 Re3 34. Ng5 Be7 35. Nxf7 Re4 36.
Rb8 Bb4+ 37. Kd1 Re1# 0-1

[Event "Early-Titled-Tuesday-Blitz-August-29-2023"]
[Site "Chess.com"]
[Date "2023.08.29"]
[Round "10"]
[White "wadsy27"]
[Black "Juicy_Fork"]
[Result "0-1"]
[WhiteElo "2595"]
[BlackElo "2453"]
[TimeControl "180+1"]
[EndTime "9:53:24 PDT"]
[Termination "Juicy_Fork won on time"]

1. Nf3 Nf6 2. g3 g6 3. Bg2 Bg7 4. O-O O-O 5. c4 c5 6. Nc3 Nc6 7. d4 d6 8. dxc5 dxc5 9. Be3 Be6 10. Qa4 Nd4 11. Rac1 Nd7 12. Rfd1 Nb6 13. Qa3 Nxc4 14. Bxd4 cxd4 15. Qb4 a5 16. Qxb7 Rb8 17. Qe4 Bf5 18. Qh4 Nxb2 19. Rxd4 Bxd4 20. Nxd4 e6 21. Nxf5 exf5 22.
Qh6 Re8 23. e3 Rc8 24. h4 Nd3 25. Rc2 Ne1 26. Rc1 Qd2 27. Rd1 Qxc3 28. h5 Nxg2 29.
hxg6 hxg6 30. Kxg2 Qg7 31. Qh4 Rc6 32. Rd7 Rce6 33.
Qa4 Qe5 34. Qh4 Qe4+ 0-1

[Event "Early-Titled-Tuesday-Blitz-August-29-2023"]
[Site "Chess.com"]
[Date "2023.08.29"]
[Round "10"]
[White "miraitrunks"]
[Black "Fraler15"]
[Result "1-0"]
[WhiteElo "2002"]
[BlackElo "2225"]
[TimeControl "180+1"]
[EndTime "9:53:24 PDT"]
[Termination "miraitrunks won by checkmate"]

1. e4 c5 2. Nf3 e6 3. d4 cxd4 4. Nxd4 Nc6 5. Nxc6 bxc6 6. Bd3 Nf6 7. O-O d5 8. e5 Nd7 9. Qe2 Nc5 10. c4 Nxd3 11.
Qxd3 Ba6 12. Qg3 Bxc4 13. Rd1 Be2 14. Rd4 Bh5 15. Nc3 Bg6 16. h4 h5 17. Bg5 Be7 18.
Rc1 Bxg5 19. hxg5 c5 20. Rf4 c4 21. Rd1 Rc8 22. Qe3 Qb6 23. Qd2 O-O 24. Ne2 Rb8 25.
Nd4 Qxb2 26. Qe3 Qxa2 27. Nc6 Rb1 28. Rxb1 Qxb1+ 29. Kh2 a6 30. Qc5 Re8 31. Qa7 Qc1 32. g3 c3 33. Qd7 Ra8 34. Qb7 Rf8 35. Qe7 c2 36. Rb4 Qb1 37. Qc5 Re8 38. Ne7+ Rxe7 39.
Qc8+ Kh7 40. Rb8 Bf5 41. Qh8+ Kg6 42. Rg8 Kxg5 43. Qxg7+ Bg6 44. Qf6+ Kg4 45. Qf4# 1-0

[Event "Early-Titled-Tuesday-Blitz-August-29-2023"]
[Site "Chess.com"]
[Date "2023.08.29"]
[Round "10"]
[White "Aygehovit1992"]
[Black "Actuary44"]
[Result "1/2-1/2"]
[WhiteElo "2741"]
[BlackElo "2535"]
[TimeControl "180+1"]
[EndTime "9:53:25 PDT"]
[Termination "Game drawn - insufficient material"]

1. e4 c5 2. Nc3 g6 3. d4 cxd4 4. Qxd4 Nf6 5. Be3 Nc6 6. Qd2 d6 7. f3 Bg7 8. Nge2 O-O 9. h4 h5 10. O-O-O Qa5 11. Kb1 Be6 12. Nf4 Ne5 13. Nxe6 fxe6 14.
Nd5 Qxd2 15. Nxf6+ Bxf6 16. Rxd2 Rfc8 17. b3 a6 18. Be2 Rc6 19. c4 Rac8 20. g3 Rf8 21. Rc1 Bg7 22. f4 Nd7 23. b4 e5 24. c5 exf4 25.
gxf4 Nf6 26. cxd6 Nxe4 27. Rxc6 Nxd2+ 28. Kc2 bxc6 29. dxe7 Re8 30. Kxd2 Rxe7 31. Bxa6 Re4 32. a3 Bd4 33. Bxd4 Rxd4+ 34. Ke3 Rd1 35. a4 Rb1 36. b5 cxb5 37. axb5 Kg7 38. Kd4 Kf6 39. Kc5 Kf5 40. b6 Rxb6 41. Kxb6 Kxf4 42. Bd3 g5 43. hxg5 Kxg5 44.
Bf1 Kf4 45. Kc5 Kg3 46. Kd4 h4 47. Ke3 h3 48. Bxh3 1/2-1/2

[Event "Early-Titled-Tuesday-Blitz-August-29-2023"]
[Site "Chess.com"]
[Date "2023.08.29"]
[Round "10"]
[White "dennisodessa"]
[Black "CSB7"]
[Result "0-1"]
[WhiteElo "2531"]
[BlackElo "2694"]
[TimeControl "180+1"]
[EndTime "9:53:29 PDT"]
[Termination "CSB7 won on time"]

1. d4 Nf6 2. c4 a6 3. Nc3 b5 4. cxb5 axb5 5. Nxb5 e5 6. dxe5 Ne4 7. Nc3 Bb4 8. Bd2 Nxd2 9. Qxd2 O-O 10. Nf3 Nc6 11.
e3 Re8 12. Be2 Bb7 13. O-O Nxe5 14. Nxe5 Rxe5 15. f4 Re7 16. Bf3 c6 17. e4 d6 18.
Kh1 c5 19. a3 Bxc3 20. Qxc3 Bxe4 21. Bxe4 Rxe4 22. Rad1 Qe7 23. f5 f6 24. h3 h6 25.
Rd3 Rd8 26. Rfd1 Re5 27. Rd5 Rxd5 28. Rxd5 Qe2 29. Qd2 Qf1+ 30. Kh2 Re8 31. Rxd6 Re2 32. Qd5+ Kh7 33. Re6 Qf4+ 34. Kh1 Rxb2 35. Re1 c4 36. Qe4 Qf2 37. a4 c3 38. a5 c2 39. a6 Qxe1+ 40.
Qxe1 Rb1 0-1